 Dungeon Crawl Stone Soup version 0.28.0-43-g3370ac3207 (webtiles) character file.

Game seed: 11130281136447355079

49 pkoi the Insei (level 3, -3/33 HPs)
             Began as a Draconian Monk on Mar 2, 2022.
             Killed by divine providence
             ... invoked by an orc priest
              (9 damage)
             ... on level 3 of the Dungeon.
             The game lasted 00:02:27 (2141 turns).

pkoi the Insei (Draconian Monk)                     Turns: 2141, Time: 00:02:28

Health: -3/33      AC:  5    Str: 13    XL:     3   Next: 53%
Magic:  3/3        EV: 13    Int: 12    God:
Gold:   51         SH:  0    Dex: 13    Spells: 2/2 levels left

rFire   + . .      SeeInvis .     - Unarmed
rCold   . . .      Faith    .   (no shield)
rNeg    . . .      Spirit   .   (armour unavailable)
rPois   .          Reflect  .   (helmet restricted)
rElec   .          Harm     .   (no cloak)
rCorr   .          Rampage  .   (no gloves)
Will    .....                   (no boots)
Stlth   ++........              (no amulet)
HPRegen 0.11/turn               a - ring of protection from fire
MPRegen 0.08/turn               (no ring)

@: no status effects
A: AC +5, unfitting armour, cold-blooded
a: no special abilities


You were on level 3 of the Dungeon.
You visited 1 branch of the dungeon, and saw 3 of its levels.

You collected 51 gold pieces.

Inventory:

Hand Weapons
 b - a +0 dagger of electrocution
Magical Staves
 e - a staff of conjuration
Jewellery
 a - a ring of protection from fire (left hand)
 g - an amulet of the acrobat
Scrolls
 d - 3 scrolls of fog
 h - a scroll of fear
 i - a scroll of amnesia
 j - a scroll of identify {unknown}
 k - a scroll of holy word {unknown}
Potions
 c - 2 potions of brilliance
 f - a potion of lignification


   Skills:
 + Level 3.8 Fighting
 + Level 3.1 Dodging
 - Level 1.7 Stealth
 * Level 3.9 Unarmed Combat


You had 2 spell levels left.
You didn't know any spells.
Your spell library contained the following spells:

 Spells                   Type           Power      Damage    Failure   Level
 Passage of Golubria      Tloc           0%         N/A       97%         4
 Silence                  Hex/Air        0%         N/A       100%        5
 Lehudib's Crystal Spear  Conj/Erth      0%         10d2      100%        8


Dungeon Overview and Level Annotations

Branches:
Dungeon (3/15)

Altars:
Wu Jian


Innate Abilities, Weirdness & Mutations

Your plain brown scales are hard. (AC +5)
You cannot fit into any form of body armour.
You are cold-blooded and may be slowed by cold attacks.


Message History

You kill the orc!
Things that are here:
a +0 mace; a +0 scale mail You start resting.
An orc comes into view. It is wielding a +0 dagger.
An orc is nearby!
An orc is nearby!
The orc shouts!
You hear a shout! x4
You hear a shout!
You hit the orc.
You kill the orc!
An orc, an orc wizard and an orc priest come into view.
The orc priest shouts!
An orc wizard comes into view. It is wielding a +0 dagger.
Things that are here:
a +0 dagger; a +0 robe; an orc corpse An orc comes into view.
It is wielding a +0 hand axe.
The orc wizard gestures wildly while chanting.
The orc wizard flickers and vanishes!
Deactivating autopickup; reactivate with Ctrl-A.
The orc wizard casts a spell at you. The puff of flame hits you. You resist.
Things that are here:
a +0 dagger; a +0 robe; an orc corpse
Things that are here:
a +0 mace; a +0 scale mail The orc priest looks braver for a moment.
The orc priest invokes the aid of Beogh against you.
Beogh smites you!
* * * LOW HITPOINT WARNING * * *
You barely miss the orc. You tail-slap the orc.
The orc is moderately wounded.
The orc closely misses you.
The orc priest mumbles some strange prayers to Beogh against you.
Beogh smites you!
* * * LOW HITPOINT WARNING * * *
Okay, then.
The orc priest mumbles some strange prayers to Beogh against you.
Beogh smites you!
You die...

########################
#.{.o)o..o.@...........##
#.#############...##.#..###
.o.........................##
....##.####.###.#..≈≈≈≈≈≈≈≈≈..#
#..o. .# #........≈.......≈..#
#.... # #####....≈.###.#.≈..#
#.... .........≈.#...#.≈..#
#.... .........≈.#._.#.≈...
#####....≈.#...#.≈.##


You could see an orc priest and 2 orcs.

Vanquished Creatures
  4 orcs
  6 endoplasms
  3 giant cockroaches (D:1)
  4 goblins (D:1)
  6 hobgoblins (D:1)
  2 kobolds (D:2)
  4 quokkas (D:1)
  2 ball pythons (D:1)
  4 bats
  2 rats
37 creatures vanquished.

Notes
Turn   | Place    | Note
-------+----------+-------------------------------------------
     0 | D:1      | pkoi the Draconian Monk began the quest for the Orb.
     0 | D:1      | Reached XP level 1. HP: 19/19 MP: 1/1
     2 | D:1      | Noticed a demigod
     2 | D:1      | Noticed a gargoyle
     4 | D:1      | Noticed a ghoul
     4 | D:1      | Noticed a naga
     6 | D:1      | Noticed a formicid
     8 | D:1      | Noticed a merfolk
    10 | D:1      | Noticed a spriggan
    12 | D:1      | Noticed a troll
    12 | D:1      | Noticed an elf
    14 | D:1      | Noticed an ogre
    16 | D:1      | Noticed a vampire
    16 | D:1      | Noticed a human
    18 | D:1      | Noticed a tengu
    20 | D:1      | Noticed a vine stalker
    20 | D:1      | Noticed an octopode
    22 | D:1      | Noticed a minotaur
    22 | D:1      | Noticed a dwarf
    24 | D:1      | Noticed a demonspawn
    24 | D:1      | Noticed a felid
    26 | D:1      | Noticed a draconian
   223 | D:1      | Found a faded altar of an unknown god.
   301 | D:1      | Reached XP level 2. HP: 23/26 MP: 2/2
  1095 | D:1      | Reached XP level 3. HP: 27/33 MP: 3/3
  1915 | D:3      | Found an ornate altar of the Wu Jian Council.
  2141 | D:3      | Killed from afar by an orc priest

Illustrated notes

Levels and vault maps discovered:
D:1:      kb_arrival_jail, layout_basic, hellmonk_ecumenical_altar_crossroads
D:2:      layout_rooms, hangedman_decor_growths
D:3:      layout_basic, mainiacjoe_overflow_brackets,
          ebering_ghost_reflecting_pool

Skill      XL: |  1  2 |
---------------+-------+-----
Dodging        | 3 |  3.1
Fighting       | |  3.8
Stealth        | |  1.7
Unarmed Combat | |  3.9

Action                   || total
-------------------------++-------
Melee: Unarmed           ||   130
       Tailslap          ||    14
       Punch             ||     4
  Use: Scroll            ||     5
       Potion            ||     3
 Stab: Sleeping          ||     7
Armor: Skin              ||    32
Dodge: Dodged            ||    93
